 Dungeon Crawl Stone Soup version 0.31-a0-202-g547052bce9 (webtiles) character file.

Game seed: 9490353570670020465

71 qw the Shooter (level 4, -1/25 HPs)
             Began as a Deep Elf Hunter on June 26, 2023.
             Slain by an orc wizard
             ... wielding a +0 dagger
              (2 damage)
             ... on level 3 of the Dungeon.
             The game lasted 00:00:33 (1517 turns).

qw the Shooter (Deep Elf Hunter)                    Turns: 1517, Time: 00:00:34

Health: -1/25      AC:  3    Str:  7 (10) XL:     4   Next: 5%
Magic:  6/6        EV: 12    Int: 13 (14) God:
Gold:   62         SH:  0    Dex: 15 (18) Spells: 3/3 levels left

rFire   . . .        Y - +1 shortbow
rCold   . . .        (shield currently unavailable)
rNeg    . . .        c - +0 leather armour
rPois   .            (no helmet)
rElec   .            (no cloak)
rCorr   .            (no gloves)
SInv    .            (no boots)
Will    .....        (no amulet)
Stlth   ++           (no ring)
HPRegen 0.24/turn    (no ring)
MPRegen 0.10/turn

%: no passive effects
@: no status effects
A: no striking features
a: no special abilities


You were on level 3 of the Dungeon.
You visited 1 branch of the dungeon, and saw 3 of its levels.

You collected 122 gold pieces.
You spent 60 gold pieces at shops.


   Skills:
 - Level 1.5 Fighting
 + Level 7.5 Ranged Weapons
 - Level 2.4 Dodging
 - Level 1.2 Stealth


You had 3 spell levels left.
You didn't know any spells.
Your spell library was empty.

Inventory:

Hand Weapons
 Y - a +1 shortbow (weapon)
Armour
 c - a +0 leather armour (worn)
 d - a +0 helmet
Scrolls
 b - a scroll of identify
Potions
 a - a potion of might
 e - a potion of haste {unknown}
 f - a potion of heal wounds
 g - a potion of enlightenment {unknown}
 h - a potion of lignification {unknown}

Dungeon Overview and Level Annotations

Branches:
Dungeon (3/15)

Altars:

Shops:
D:2 *


Message History

The orc is almost dead.
The orc wizard mumbles some strange words.
The orc wizard flickers and vanishes!
Deactivating autopickup; reactivate with Ctrl-A.
You shoot an arrow. The arrow barely misses the orc.
The arrow hits the orc but does no damage.
The orc is almost dead.
You shoot an arrow. The arrow hits the orc!
You kill the orc!
You shoot an arrow. The arrow hits the orc.
You kill the orc!
You shoot an arrow.
The arrow hits the orc but does no damage.
The orc is moderately wounded.
You shoot an arrow. You shoot an arrow. The arrow hits the orc!
You kill the orc!
You hear some strange, mumbled words.
You are confused.
You have reached level 4!
You feel clever. Something hits you. The orc hits you but does no damage.
Something hits you. The orc hits you with a +0 short sword. Something hits you.
The orc hits you with a +0 short sword. Something hits you.
The orc hits you but does no damage.
You feel less confused. Something hits you. The orc closely misses you.
You shoot an arrow. The arrow hits the orc!
You kill the orc!
Something completely misses you.
You shoot an arrow. Something hits you.
You shoot an arrow. Something hits you.
You shoot an arrow. Something hits you.
You shoot an arrow. Something hits you but does no damage. Something hits you.
You shoot an arrow. Something hits you.
You die...

####... .....>##.
#........ #........
#..$..... #..[.....
#){)..... #@# #.#
#.# #. #.#
##########.#####.##
#........#.#......#
##.#####.#.#.###..#
#.# #.#.#.# #..#
#.# #.#.#.# #..#


There were no monsters in sight!

Vanquished Creatures
  An adder (D:2)
  A worm (D:2)
  3 dart slugs
  4 orcs (D:3)
  3 ball pythons
  4 bats
  5 endoplasms
  4 hobgoblins
  3 kobolds (D:2)
  3 quokkas
  4 frilled lizards
  7 goblins (D:2)
  3 rats (D:2)
45 creatures vanquished.

Notes
Turn   | Place    | Note
-------+----------+-------------------------------------------
     0 | D:1      | qw the Deep Elf Hunter began the quest for the Orb.
     0 | D:1      | Reached XP level 1. HP: 12/12 MP: 3/3
     0 | D:1      | 0 ||| qw: Version: 0.3-a-22-g0ed2b0b
     0 | D:1      | 0 ||| qw: Game counter: 6191
     0 | D:1      | 0 ||| qw: Melee chars always use a shield: true
     0 | D:1      | 0 ||| qw: God list: Okawaru
     0 | D:1      | 0 ||| qw: Allow faded altars: false
     0 | D:1      | 0 ||| qw: Do Orc after clearing Dungeon:15 true
     0 | D:1      | 0 ||| qw: Do second Lair branch before Depths: true
     0 | D:1      | 0 ||| qw: Lair rune preference: random
     0 | D:1      | 0 ||| qw: Goals: Normal
     0 | D:1      | 0 ||| PLANNING D:1-11
   104 | D:1      | Reached skill level 6 in Ranged Weapons
   104 | D:1      | Reached XP level 2. HP: 16/16 MP: 4/4
   563 | D:1      | 563 ||| READING scroll labelled CYSOSA RESA.
   564 | D:1      | 564 ||| READING scroll labelled QIUDIC QAUDIS.
   565 | D:1      | 565 ||| READING scroll labelled JAUZXO VORYOTI.
   569 | D:1      | 569 ||| DRINKING 2 brown potions.
   570 | D:1      | 570 ||| DRINKING 2 inky potions.
   571 | D:1      | 571 ||| DRINKING 3 lumpy grey potions.
   579 | D:1      | 579 ||| DROPPING scroll of butterflies.
   580 | D:1      | 580 ||| DROPPING potion of brilliance.
   581 | D:1      | 581 ||| DROPPING 2 potions of ambrosia.
   742 | D:2      | Found Noefu's Assorted Antiques.
   756 | D:2      | 756 ||| BUYING clear potion (18 gold).
   756 | D:2      | Bought a clear potion for 18 gold pieces
   756 | D:2      | 756 ||| SHOPLISTING coral ring (105 gold, have 52).
   756 | D:2      | 756 ||| BUYING scroll labelled CONKOXK VIAN (21 gold).
   756 | D:2      | Bought a scroll labelled CONKOXK VIAN for 21 gold pieces
   756 | D:2      | 756 ||| BUYING scroll labelled ICUSEJAFIN (21 gold).
   756 | D:2      | Bought a scroll labelled ICUSEJAFIN for 21 gold pieces
   756 | D:2      | 756 ||| SHOPLISTING scroll labelled UFOBIGI NIXZEO (21
                  | gold, have 10).
   756 | D:2      | 756 ||| SHOPLISTING scroll labelled UVACZAMIKK (21 gold,
                  | have 10).
   756 | D:2      | 756 ||| SHOPLISTING scroll labelled XITYIDYTOY (21 gold,
                  | have 10).
   756 | D:2      | 756 ||| SHOPLISTING scroll of teleportation (63 gold, have
                  | 10).
   841 | D:2      | Reached XP level 3. HP: 20/20 MP: 5/5
  1155 | D:2      | Reached skill level 7 in Ranged Weapons
  1398 | D:2      | 1398 ||| READING 2 scrolls labelled CONKOXK VIAN.
  1399 | D:2      | 1399 ||| READING scroll labelled ICUSEJAFIN.
  1400 | D:2      | 1400 ||| DRINKING 2 clear potions.
  1401 | D:2      | 1401 ||| DRINKING 3 viscous dark potions.
  1402 | D:2      | 1402 ||| DROPPING 2 potions of degeneration.
  1507 | D:3      | Reached XP level 4. HP: 25/25 MP: 6/6
  1513 | D:3      | HP: 5/25 [something (3)]
  1515 | D:3      | HP: 2/25 [something (1)]
  1517 | D:3      | Slain by an orc wizard

Levels and vault maps discovered:
D:1:      dpeg_arrival_houses_and_road, layout_rooms
D:2:      minmay_chambers_of_twos, layout_basic, serial_shops, shop
D:3:      layout_basic, chequers_ecumenical_altar_island, kennysheep_path_1,
          uniq_terence

Skill      XL: |  1  2  3 |
---------------+----------+-----
Ranged Weapons | 6 7 |  7.5
Fighting       | |  1.5
Dodging        | |  2.4
Stealth        | |  1.2

Action                     |  1- 3 |  4- 6 || total
---------------------------+-------+-------++-------
   Fire: Shortbow          |   105 |     6 ||   111
    Use: Scroll            |     5 |       ||     5
         Potion            |     5 |       ||     5
 Armour: Leather armour    |     4 |     3 ||     7
  Dodge: Dodged            |    13 |     2 ||    15

Table legend:
 A = Non-vault XP
 B = Vault XP
 C = Vault XP percentage of total XP
 D = Non-vault monster count
 E = Vault monster count
 F = Vault count percentage of total count
                 A         B        C        D         E       F
            +---------+---------+-------+---------+---------+-------
      Total |      88 |      14 |  13.7 |      37 |       8 |  17.8
            +---------+---------+-------+---------+---------+-------
        D:1 |      20 |       0 |   0.0 |      11 |       0 |   0.0
        D:2 |      53 |      14 |  20.9 |      20 |       8 |  28.6
        D:3 |      15 |       0 |   0.0 |       6 |       0 |   0.0
            +---------+---------+-------+---------+---------+-------
